 Dungeon Crawl Stone Soup version 0.22-a0-458-gb446440 (webtiles) character file.

1536 4thArraOfDagon the Cleaver (level 8, -3/106 HPs)
             Began as a Hill Orc Fighter on June 8, 2018.
             Was a Priest of Cheibriados.
             Slain by a gnoll
             ... wielding a +0 spear
              (4 damage)
             ... on level 5 of the Dungeon.
             The game lasted 00:09:46 (1753 turns).

4thArraOfDagon the Cleaver (Hill Orc Fighter)       Turns: 1753, Time: 00:09:46

Health: -3/106     AC: 24    Str: 26    XL:     8   Next: 86%
Magic:  12/12      EV:  2    Int: 17    God:    Cheibriados [***...]
Gold:   178        SH:  0    Dex: 17    Spells: 7/7 levels left

rFire    . . .     SeeInvis .   a - +0 war axe
rCold    . . .     Gourm    .   (no shield)
rNeg     + + +     Faith    .   (armour currently unavailable)
rPois    +         Spirit   .   (helmet currently unavailable)
rElec    .         Reflect  .   (cloak currently unavailable)
rCorr    .         Harm     .   (gloves currently unavailable)
MR       +....     NoTele   +   (boots currently unavailable)
Stlth    ++........             (no amulet)
HPRegen  0.27/turn              o - ring of protection from magic
MPRegen  0.13/turn              (no ring)

@: tree-form, very slow
A: no striking features
a: Bend Time, Temporal Distortion, Renounce Religion


You were on level 5 of the Dungeon.
You worshipped Cheibriados.
Cheibriados was most pleased with you.
You were not hungry.
You were a tree.
You visited 1 branch of the dungeon, and saw 6 of its levels.

You collected 178 gold pieces.

Inventory:

Hand Weapons
 a - a +0 war axe (weapon)
Armour
 b - a +0 scale mail (melded)
 d - a scarf of repulsion (melded)
 e - a +2 robe
Jewellery
 o - a ring of protection from magic (left branch)
Wands
 i - a wand of flame (35)
 l - a wand of paralysis (7)
 n - a wand of disintegration (22)
 s - a wand of polymorph (10)
Scrolls
 c - 4 scrolls of identify {unknown}
 g - a scroll of magic mapping {unknown}
 h - 2 scrolls of fog {unknown}
 m - a scroll of immolation
 p - a scroll of holy word {unknown}
Potions
 j - a potion of flight {unknown}
 q - a potion of curing
Comestibles
 f - 5 rations


   Skills:
 + Level 6.9 Fighting
 * Level 9.4 Axes
 - Level 3.8 Armour
 + Level 3.4 Dodging
   Level 3.2 Shields
 + Level 5.6 Invocations


You had 7 spell levels left.
You didn't know any spells.
Your spell library was empty.

Dungeon Overview and Level Annotations

Branches:
Dungeon (6/15)
 Temple: D:4-7

Altars:
Cheibriados
Vehumet

Annotations:
D:4 kidcy's ghost, novice DEWz


Innate Abilities, Weirdness & Mutations

((You have a pair of small horns on your head.))
((Your flesh is heat resistant. (rF+)))


Message History

The gnoll seems to speed up.
You hear a shout! x2
Unknown command.
You hear a shout! x2
The gnoll hits you from afar with a spear.
* * * LOW HITPOINT WARNING * * *
A gnoll comes into view.
The gnoll hits you from afar with a spear!
* * * LOW HITPOINT WARNING * * *
You hear a shout! x2
Unknown command.
Unknown command.
Okay, then.
You turn into a tree.
Your scarf of repulsion melds into your body.
Your +0 scale mail melds into your body.
The haze of the repulsion field disappears.
Your roots penetrate the ground.
The gnoll hits you from afar with a spear.
You die...

##.##
#.#.#
#.
#..#
#.#.#
#.
##.##
.....
#.
#..#
...
#.
##.#
#.#
#.##
#..#
##♣#
#.#
#g#
#.#
#g.
##.#
..
#g#
..


You could see a gnoll shaman and 2 gnolls.

Vanquished Creatures
  Grinder (D:4)
  Sigmund (D:6)
  Edmund (D:4)
  An ice beast (D:5)
  An ogre (D:6)
  Blork the orc (D:3)
  5 wights (D:6)
  A howler monkey (D:6)
  A crimson imp (D:6)
  Crazy Yiuf (D:4)
  A hound (D:6)
  An orc priest (D:4)
  4 orc wizards (D:4)
  Natasha (thrice) (D:3)
  2 iguanas (D:6)
  A worker ant (D:6)
  Robin (D:2)
  A howler monkey zombie (D:6)
  5 adders
  A shadow imp (D:6)
  An ooze (D:2)
  A worm (D:4)
  4 dart slugs
  2 leopard geckos (D:4)
  18 orcs
  A ball python (D:4)
  8 giant cockroaches
  16 goblins
  10 hobgoblins
  3 jackals (D:2)
  A quokka (D:2)
  4 bats
  9 frilled lizards
  7 kobolds
  6 rats
125 creatures vanquished.

Notes
Turn   | Place    | Note
-------+----------+-------------------------------------------
     0 | D:1      | 4thArraOfDagon the Hill Orc Fighter began the quest for the Orb.
     0 | D:1      | Reached XP level 1. HP: 19/19 MP: 1/1
    67 | D:1      | Reached skill level 3 in Axes
    79 | D:1      | Reached XP level 2. HP: 13/27 MP: 2/2
   269 | D:1      | Reached XP level 3. HP: 17/33 MP: 3/3
   312 | D:2      | Gained mutation: You have a pair of small horns on your head. [potion of mutation]
   312 | D:2      | Gained mutation: Your flesh is heat resistant. (rF+) [potion of mutation]
   315 | D:2      | Reached skill level 4 in Axes
   366 | D:3      | Found a snail-covered altar of Cheibriados.
   369 | D:3      | Became a worshipper of Cheibriados the Contemplative
   370 | D:3      | Reached XP level 4. HP: 11/40 MP: 4/4
   452 | D:2      | Noticed Natasha
   469 | D:3      | Killed Natasha
   512 | D:3      | Reached skill level 1 in Invocations
   670 | D:3      | Noticed Natasha
   678 | D:3      | Killed Natasha
   678 | D:3      | Reached skill level 5 in Axes
   678 | D:3      | Reached XP level 5. HP: 31/47 MP: 4/6
   714 | D:2      | Noticed Robin
   730 | D:2      | Reached * piety under Cheibriados
   738 | D:2      | Killed Robin
   825 | D:2      | Found a radiant altar of Vehumet.
   864 | D:3      | Reached skill level 1 in Dodging
   895 | D:3      | Noticed Natasha
   901 | D:3      | Killed Natasha
  1003 | D:4      | Reached ** piety under Cheibriados
  1011 | D:4      | Reached XP level 6. HP: 48/55 MP: 7/7
  1020 | D:4      | Reached skill level 6 in Axes
  1031 | D:4      | Reached skill level 5 in Fighting
  1034 | D:4      | 4thArraOfDagon: https://legowelt.bandcamp.com/track/clandestine-convention
  1048 | D:4      | Found a runed door.
  1052 | D:4      | Noticed Crazy Yiuf
  1058 | D:4      | Killed Crazy Yiuf
  1103 | D:4      | Noticed Grinder
  1113 | D:4      | Killed Grinder
  1113 | D:4      | Reached skill level 7 in Axes
  1113 | D:4      | Reached XP level 7. HP: 41/61 MP: 9/9
  1192 | D:4      | Noticed kidcy's ghost (novice DEWz)
  1195 | D:4      | Noticed Edmund
  1198 | D:4      | Noticed Blork the orc
  1213 | D:4      | Killed Edmund
  1235 | D:4      | Sergey: !lg $p chei win
  1237 | D:4      | XtahuaRules: 41. 4thArraOfDagon the Plane Walker (L27 FoWr of Cheibriados), escaped with the Orb and 15 runes on 2018-03-21 20:16:02, with 34571542 points after 42620 turns and 4:20:22.
  1254 | D:3      | Killed Blork the orc
  1429 | D:5      | Entered Level 5 of the Dungeon
  1516 | D:6      | Reached XP level 8. HP: 70/70 MP: 11/11
  1534 | D:6      | Reached skill level 8 in Axes
  1552 | D:6      | Noticed Sigmund
  1559 | D:6      | Killed Sigmund
  1564 | D:6      | Reached skill level 5 in Invocations
  1581 | D:6      | Reached *** piety under Cheibriados
  1613 | D:6      | Reached skill level 9 in Axes
  1706 | D:5      | Noticed Prince Ribbit
  1709 | D:5      | Noticed Prince Ribbit
  1709 | D:5      | Prince Ribbit changed into Prince Ribbit the ice beast
  1725 | D:5      | Killed Prince Ribbit the ice beast
  1752 | D:5      | HP: 1/71 [gnoll/spear (10)]
  1753 | D:5      | Slain by a gnoll

Vault maps used:
D:1:      sevenhm_arrival_forest_fort_large_2, minmay_tromino_i4
D:2:      fiery_altar_vehumet, first_ration, uniq_robin, uniq_natasha
D:3:      kennysheep_slug_shrine
D:4:      hangedman_abyss_or_decor_lesser_grid, uniq_grinder, uniq_edmund,
          uniq_blork_the_orc, uniq_crazy_yiuf_cottage
D:5:      uniq_prince_ribbit1
D:6:      kennysheep_little_box, uniq_sigmund

Skill      XL: |  1  2  3  4  5  6  7  8 |
---------------+-------------------------+-----
Axes           | 3 4 5 7 9 |  9.4
Fighting       | 4 5 6 |  6.9
Invocations    | 1 2 3 4 5 |  5.6
Dodging        | 1 2 3 |  3.4
Armour         | |  3.8
Shields        | |  3.2

Action                   |  1- 3 |  4- 6 |  7- 9 || total
-------------------------+-------+-------+-------++-------
Melee: War axe           |    78 |   130 |   122 ||   330
       Headbutt          |     1 |    21 |    31 ||    53
Evoke: Wand              |       |     3 |    13 ||    16
  Use: Potion            |     3 |     2 |     3 ||     8
       Scroll            |       |     2 |       ||     2
 Stab: Paralysed         |       |     8 |     8 ||    16
       Distracted        |       |       |     1 ||     1
  Eat: Chunk             |       |     1 |     1 ||     2
Armor: Scale mail        |    51 |    57 |    33 ||   141
       Skin              |       |       |    30 ||    30
Dodge: Dodged            |    46 |    74 |    51 ||   171
       Deflected         |       |     5 |       ||     5

Table legend:
 A = Spawn XP
 B = Non-spawn XP
 C = Spawn XP percentage of total XP
 D = Spawn monster count
 E = Non-spawn monster count
 F = Spawn count percentage of total count
 G = Total turns spent on level
                    A         B        C        D         E        F      G
               +---------+---------+-------+---------+---------+-------+---------
         Total |       0 |    2195 |   0.0 |       0 |     125 |   0.0 |  1753
               +---------+---------+-------+---------+---------+-------+---------
           D:1 |       0 |      36 |   0.0 |       0 |      21 |   0.0 |   282
           D:2 |       0 |      86 |   0.0 |       0 |      31 |   0.0 |   213
           D:3 |       0 |     286 |   0.0 |       0 |      25 |   0.0 |   548
           D:4 |       0 |     759 |   0.0 |       0 |      29 |   0.0 |   386
           D:5 |       0 |     125 |   0.0 |       0 |       2 |   0.0 |   123
           D:6 |       0 |     903 |   0.0 |       0 |      17 |   0.0 |   201
               +---------+---------+-------+---------+---------+-------+---------
